ABL
COLLINGWOOD MAGPIES @ MELBOURNE DEMONS
04/11/2022
 
TOP OF THE 1ST
Collingwood Magpies batting - Pitching for Melbourne Demons : LHP Darren Hulland
Pitching: LHP Darren Hulland
Batting: RHB Sinbad Trounson 0-0: Ball
1-0: Ball
2-0: Fly out, F8 (Flyball, 78D, EV 86.9 MPH)
Batting: RHB Don Bonfield 0-0: Called Strike
0-1: Ball
1-1: Ground out 5-3 (Groundball, 56, EV 105.0 MPH)
Batting: RHB Jake Aggett 0-0: Ball
1-0: Called Strike
1-1: Ball
2-1: Ball
3-1: Base on Balls
Batting: SHB Colin Attoehow 0-0: Foul Ball, location: 25FF
0-1: Swinging Strike
0-2: Ball
1-2: Strikes out swinging
Top of the 1st over - 0 runs, 0 hits, 0 errors, 1 left on base; Collingwood 0 - Melbourne 0
BOTTOM OF THE 1ST
Melbourne Demons batting - Pitching for Collingwood Magpies : RHP Steve Marr
Pitching: RHP Steve Marr
Batting: RHB Colin Fraser 0-0: Ball
1-0: Foul Ball, location: 2F
1-1: Ground out 4-3 (Groundball, 34, EV 84.4 MPH)
Batting: RHB Everton Leaper 0-0: Called Strike
0-1: Ball
1-1: TRIPLE (Line Drive, 89XD, EV 106.9 MPH)
Batting: RHB Les Davies 0-0: SINGLE (Line Drive, 9S, EV 97.5 MPH)
Everton Leaper scores
Batting: LHB Luke Kelly Pickoff Throw to First - Error! E1
Les Davies to second
0-0: Called Strike
0-1: Ball
1-1: Ball
2-1: SINGLE (Groundball, 34D, EV 101.3 MPH)
Les Davies to third
Runner from 3rd tries for Home, SAFE, throw by RF to home
Batting: SHB Keary Aves 0-0: Swinging Strike
0-1: Foul Ball, location: 2F
0-2: Strikes out swinging
Batting: RHB Leon Mortimer 0-0: Ball
1-0: Called Strike
Luke Kelly steals 2nd base
1-1: Swinging Strike
1-2: Foul Ball, location: 2F
1-2: Hit by Pitch
Batting: RHB Jose Ruiz 0-0: Ground out 5-3 (Groundball, 56, EV 100.0 MPH)
Bottom of the 1st over - 2 runs, 3 hits, 1 error, 2 left on base; Collingwood 0 - Melbourne 2
TOP OF THE 2ND
Collingwood Magpies batting - Pitching for Melbourne Demons : LHP Darren Hulland
Batting: RHB Kevin Camira 0-0: Ground out 3-1 (Groundball, 13, EV 80.6 MPH)
Batting: LHB John Mitford 0-0: Ball
1-0: Ball
2-0: Called Strike
2-1: Called Strike
2-2: Foul Ball, location: 2F
2-2: Ball
3-2: Fly out, F3 (Popup, 3SF, EV 89.4 MPH)
Batting: RHB Bradly Acheson 0-0: Called Strike
0-1: Foul Ball, location: 3F
0-2: Strikes out looking
Top of the 2nd over - 0 runs, 0 hits, 0 errors, 0 left on base; Collingwood 0 - Melbourne 2
BOTTOM OF THE 2ND
Melbourne Demons batting - Pitching for Collingwood Magpies : RHP Steve Marr
Batting: RHB Arran Stalker 0-0: Ball
1-0: Ground out 5-3 (Groundball, 56S, EV 83.8 MPH)
Batting: LHB Darren Hulland 0-0: Ball
1-0: Ball
2-0: Foul Ball, location: 2F
2-1: Swinging Strike
2-2: Foul Ball, location: 2F
2-2: Ground out 6-3 (Groundball, 6, EV 108.1 MPH)
Batting: RHB Colin Fraser 0-0: Fly out, F9 (Flyball, 9D, EV 83.8 MPH)
Bottom of the 2nd over - 0 runs, 0 hits, 0 errors, 0 left on base; Collingwood 0 - Melbourne 2
TOP OF THE 3RD
Collingwood Magpies batting - Pitching for Melbourne Demons : LHP Darren Hulland
Batting: LHB Charlie Hodkinson 0-0: Ball
1-0: Foul Ball, location: 2F
1-1: Ground out 4-3 (Groundball, 4M, EV 76.3 MPH)
Batting: RHB Steve Marr 0-0: Called Strike
0-1: Called Strike
0-2: Ball
1-2: Ball
2-2: Strikes out looking
Batting: RHB Sinbad Trounson 0-0: Ground out 4-3 (Groundball, 4M, EV 90.0 MPH)
Top of the 3rd over - 0 runs, 0 hits, 0 errors, 0 left on base; Collingwood 0 - Melbourne 2
BOTTOM OF THE 3RD
Melbourne Demons batting - Pitching for Collingwood Magpies : RHP Steve Marr
Batting: RHB Everton Leaper 0-0: Ball
1-0: Foul Ball, location: 9LDF
1-1: Ball
2-1: Foul Ball, location: 3DF
2-2: Ball
3-2: Base on Balls
Batting: RHB Les Davies 0-0: Ball
1-0: Foul Ball, location: 5F
1-1: Foul Ball, location: 9LSF
1-2: Foul Ball, location: 5F
1-2: Ball
2-2: Strikes out looking
Batting: LHB Luke Kelly 0-0: Ball
1-0: Foul Ball, location: 5SF
1-1: Fly out, F9 (Flyball, 89XD, EV 107.5 MPH)
Batting: SHB Keary Aves 0-0: Ball
1-0: Foul Ball, location: 3FF
1-1: Ball
2-1: Ball
3-1: Fly out, F3 (Popup, 23F, EV 86.9 MPH)
Bottom of the 3rd over - 0 runs, 0 hits, 0 errors, 1 left on base; Collingwood 0 - Melbourne 2
TOP OF THE 4TH
Collingwood Magpies batting - Pitching for Melbourne Demons : LHP Darren Hulland
Batting: RHB Don Bonfield 0-0: Ball
1-0: Ball
2-0: Ball
3-0: Called Strike
3-1: Ground out 6-3 (Groundball, 6, EV 100.0 MPH)
Batting: RHB Jake Aggett 0-0: Ball
1-0: DOUBLE (Flyball, 8LD, EV 91.3 MPH)
Batting: SHB Colin Attoehow 0-0: Ball
1-0: Called Strike
1-1: Ball
2-1: Ball
Wild Pitch!
Jake Aggett to third
3-1: Called Strike
3-2: Hit by Pitch
Batting: RHB Kevin Camira 0-0: Fielders Choice at 2nd, 4-6 (Groundball, 4M, EV 77.5 MPH)
Jake Aggett scores
Batting: LHB John Mitford 0-0: SINGLE (Groundball, 34D, EV 105.6 MPH)
Kevin Camira to second
Runner from 2nd tries for 3rd, SAFE, no throw by RF
Batting: RHB Bradly Acheson 0-0: Ball
1-0: Ball
2-0: Ball
3-0: Called Strike
3-1: Called Strike
3-2: Strikes out swinging
Top of the 4th over - 1 run, 2 hits, 0 errors, 2 left on base; Collingwood 1 - Melbourne 2
BOTTOM OF THE 4TH
Melbourne Demons batting - Pitching for Collingwood Magpies : RHP Steve Marr
Batting: RHB Leon Mortimer 0-0: Ball
1-0: Ground out 4-3 (Groundball, 4M, EV 79.4 MPH)
Batting: RHB Jose Ruiz 0-0: Ball
1-0: Ball
2-0: Ball
3-0: Called Strike
3-1: Fly out, F6 (Popup, P, EV 79.4 MPH)
Batting: RHB Arran Stalker 0-0: Ball
1-0: Called Strike
1-1: Ball
2-1: Ball
3-1: Called Strike
3-2: Foul Ball, location: 9LMF
3-2: Fly out, F8 (Flyball, 8RM, EV 83.8 MPH)
Bottom of the 4th over - 0 runs, 0 hits, 0 errors, 0 left on base; Collingwood 1 - Melbourne 2
TOP OF THE 5TH
Collingwood Magpies batting - Pitching for Melbourne Demons : LHP Darren Hulland
Batting: LHB Charlie Hodkinson 0-0: Ground out 3-1 (Groundball, 34, EV 110.0 MPH)
Batting: RHB Steve Marr 0-0: Ball
1-0: Ball
2-0: Called Strike
2-1: Called Strike
2-2: Foul Ball, location: 25F
2-2: Foul Ball, location: 9LSF
2-2: Strikes out swinging
Batting: RHB Sinbad Trounson 0-0: Ball
1-0: Ball
2-0: Ground out 1-3 (Groundball, 15S, EV 73.8 MPH)
Top of the 5th over - 0 runs, 0 hits, 0 errors, 0 left on base; Collingwood 1 - Melbourne 2
BOTTOM OF THE 5TH
Melbourne Demons batting - Pitching for Collingwood Magpies : RHP Steve Marr
Batting: LHB Darren Hulland 0-0: Ball
1-0: Ball
2-0: Foul Ball, location: 2LF
2-1: Fly out, F7 (Flyball, 7LS, EV 93.1 MPH)
Batting: RHB Colin Fraser 0-0: Ball
1-0: Reached via error on a dropped throw from SS, E3 (Groundball, 6, EV 101.9 MPH)
Batting: RHB Everton Leaper 0-0: Ball
1-0: Ball
2-0: Ball
3-0: Called Strike
3-1: Base on Balls
Colin Fraser to second
Batting: RHB Les Davies 0-0: Fly out, F9 (Flyball, 89M, EV 96.9 MPH)
Batting: LHB Luke Kelly 0-0: Called Strike
0-1: Called Strike
0-2: Strikes out swinging
Bottom of the 5th over - 0 runs, 0 hits, 1 error, 2 left on base; Collingwood 1 - Melbourne 2
TOP OF THE 6TH
Collingwood Magpies batting - Pitching for Melbourne Demons : LHP Darren Hulland
Batting: RHB Don Bonfield 0-0: Ball
1-0: Ball
2-0: Fly out, F7 (Flyball, 78S, EV 89.4 MPH)
Batting: RHB Jake Aggett 0-0: Foul Ball, location: 2F
0-1: Foul Ball, location: 9LMF
0-2: Ball
1-2: DOUBLE (Line Drive, 9LM, EV 87.5 MPH)
Batting: SHB Colin Attoehow 0-0: Fly out, F8 (Line Drive, 8RM, EV 98.1 MPH)
Batting: RHB Kevin Camira 0-0: Called Strike
0-1: Ball
1-1: Ball
2-1: Ball
3-1: DOUBLE (Line Drive, 9LS, EV 99.4 MPH)
Jake Aggett scores
Batting: LHB John Mitford 0-0: Ball
1-0: Called Strike
1-1: Ground out 6-3 (Groundball, 6, EV 83.8 MPH)
Top of the 6th over - 1 run, 2 hits, 0 errors, 1 left on base; Collingwood 2 - Melbourne 2
BOTTOM OF THE 6TH
Melbourne Demons batting - Pitching for Collingwood Magpies : RHP Steve Marr
Batting: SHB Keary Aves 0-0: Ground out 4-3 (Groundball, 4S, EV 62.5 MPH)
Batting: RHB Leon Mortimer 0-0: Fly out, F7 (Flyball, 7D, EV 102.5 MPH)
Batting: RHB Jose Ruiz 0-0: Ball
1-0: Called Strike
1-1: Swinging Strike
1-2: Ball
2-2: SINGLE (Flyball, 8LS, EV 96.9 MPH)
Batting: RHB Arran Stalker 0-0: Swinging Strike
0-1: Swinging Strike
0-2: Strikes out swinging
Bottom of the 6th over - 0 runs, 1 hit, 0 errors, 1 left on base; Collingwood 2 - Melbourne 2
TOP OF THE 7TH
Collingwood Magpies batting - Pitching for Melbourne Demons : LHP Darren Hulland
Batting: RHB Bradly Acheson 0-0: Called Strike
0-1: Swinging Strike
0-2: Ball
1-2: Ball
2-2: Foul Ball, location: 5SF
2-2: Ball
3-2: Foul Ball, location: 2F
3-2: Foul Ball, location: 9LDF
3-2: Strikes out swinging
Batting: LHB Charlie Hodkinson 0-0: Swinging Strike
0-1: Foul Ball, location: 7LDF
0-2: Fly out, F8 (Flyball, 8RD, EV 85.0 MPH)
Batting: RHB Steve Marr 0-0: Ball
1-0: Called Strike
1-1: Swinging Strike
1-2: Ball
2-2: Ball
3-2: Foul Ball, location: 9LDF
3-2: Fly out, F9 (Flyball, 9, EV 96.3 MPH)
Top of the 7th over - 0 runs, 0 hits, 0 errors, 0 left on base; Collingwood 2 - Melbourne 2
BOTTOM OF THE 7TH
Melbourne Demons batting - Pitching for Collingwood Magpies : RHP Steve Marr
Batting: LHB Darren Hulland 0-0: Called Strike
0-1: Called Strike
0-2: Ball
1-2: Fly out, F7 (Flyball, 7, EV 97.5 MPH)
Batting: RHB Colin Fraser 0-0: Ball
1-0: Ball
2-0: Ball
3-0: Base on Balls
Batting: RHB Everton Leaper 0-0: Fly out, F7 (Flyball, 7S, EV 94.4 MPH)
Pitching: RHP Ken Hart
Batting: RHB Les Davies 0-0: Ball
Colin Fraser steals 2nd base
1-0: Ball
2-0: Foul Ball, location: 3SF
2-1: Ball
3-1: Fly out, F8 (Flyball, 8RS, EV 93.8 MPH)
Bottom of the 7th over - 0 runs, 0 hits, 0 errors, 1 left on base; Collingwood 2 - Melbourne 2
TOP OF THE 8TH
Collingwood Magpies batting - Pitching for Melbourne Demons : LHP Darren Hulland
Batting: RHB Sinbad Trounson 0-0: Ball
1-0: Called Strike
1-1: Fly out, F8 (Line Drive, 8LD, EV 89.4 MPH)
Pitching: RHP Kylan Anlezark
Batting: RHB Don Bonfield 0-0: SINGLE (Line Drive, 56D, EV 105.6 MPH)
Batting: RHB Jake Aggett 0-0: Ball
1-0: Ball
2-0: Ball
3-0: Base on Balls
Don Bonfield to second
Batting: SHB Colin Attoehow 0-0: Swinging Strike
0-1: Ball
1-1: Called Strike
1-2: Strikes out swinging
Batting: RHB Kevin Camira 0-0: SINGLE (Groundball, 3D, EV 94.4 MPH)
Don Bonfield to third
Jake Aggett to second
Runner from 3rd tries for Home, SAFE, throw by RF to home
Pinch Runner at 2nd Jim McIntosh:
Batting: LHB John Mitford 0-0: Ball
1-0: Ball
2-0: Called Strike
2-1: Foul Ball, location: 7LSF
2-2: Strikes out swinging
Top of the 8th over - 1 run, 2 hits, 0 errors, 2 left on base; Collingwood 3 - Melbourne 2
BOTTOM OF THE 8TH
Melbourne Demons batting - Pitching for Collingwood Magpies : RHP Ken Hart
Now at 1B: Jim McIntosh
Batting: LHB Luke Kelly 0-0: Foul Ball, location: 7LDF
0-1: Ball
1-1: Ball
2-1: SINGLE (Line Drive, 34, EV 99.4 MPH)
Pitching: RHP Keiran D'Arcy
Batting: SHB Keary Aves 0-0: Ball
1-0: Fly out, F6 (Popup, 56, EV 68.8 MPH)
Pinch Hitting: RHB Willie Monroe 0-0: Fly out, F2 (Popup, 23F, EV 80.6 MPH)
Batting: RHB Jose Ruiz 0-0: Fly out, F9 (Line Drive, 9LM, EV 102.5 MPH)
Bottom of the 8th over - 0 runs, 1 hit, 0 errors, 1 left on base; Collingwood 3 - Melbourne 2
TOP OF THE 9TH
Collingwood Magpies batting - Pitching for Melbourne Demons : RHP Kylan Anlezark
Now at 3B: Bob Kirk
Batting: RHB Bradly Acheson 0-0: Called Strike
0-1: Ball
1-1: Swinging Strike
1-2: Strikes out swinging
Batting: LHB Charlie Hodkinson 0-0: Ground out 4-3 (Groundball, 4, EV 80.6 MPH)
Pinch Hitting: RHB Jamie Heaman 0-0: Called Strike
0-1: Swinging Strike
0-2: Foul Ball, location: 3SF
0-2: Ball
1-2: Ball
2-2: Ground out 4-3 (Groundball, 4MD, EV 96.3 MPH)
Top of the 9th over - 0 runs, 0 hits, 0 errors, 0 left on base; Collingwood 3 - Melbourne 2
BOTTOM OF THE 9TH
Melbourne Demons batting - Pitching for Collingwood Magpies : RHP Keiran D'Arcy
Pitching: RHP Steve Walters
Batting: RHB Arran Stalker 0-0: Fly out, F7 (Flyball, 78M, EV 91.9 MPH)
Pinch Hitting: RHB Hughie Costin 0-0: Ball
1-0: Called Strike
1-1: Ball
2-1: Ball
3-1: Base on Balls
Batting: RHB Colin Fraser 0-0: Foul Ball, location: 2LF
0-1: Ball
1-1: Foul Ball, location: 2F
1-2: DOUBLE (Groundball, 5L, EV 103.8 MPH)
Hughie Costin to third
Batting: RHB Everton Leaper 0-0: Called Strike
0-1: Ball
1-1: Swinging Strike
1-2: Foul Ball, location: 23F
1-2: Foul Ball, location: 9LMF
1-2: Ground out 6-3 (Groundball, 6, EV 100.6 MPH)
Batting: RHB Les Davies 0-0: Fly out, F8 (Line Drive, 8RD, EV 89.4 MPH)
Bottom of the 9th over - 0 runs, 1 hit, 0 errors, 2 left on base; Collingwood 3 - Melbourne 2
Monday, April 22nd , 2024 - OOTP Baseball 24.9 Build 80